 Dungeon Crawl Stone Soup version 0.29-a0-409-gd843f3a48c (webtiles) character file.

Game seed: 2319270068303285792

7567 runemasterragnar the Protected (level 10, -4/69 HPs)
             Began as a Demonspawn Monk on May 14, 2022.
             Was a High Priest of Hepliaklqana.
             Slain by a centaur warrior simulacrum (12 damage)
             ... on level 10 of the Dungeon.
             The game lasted 00:20:01 (10276 turns).

runemasterragnar the Protected (Demonspawn Monk)   Turns: 10276, Time: 00:20:02

Health: -4/69      AC: 16    Str: 15    XL:     10   Next: 97%
Magic:  0/17       EV:  8    Int: 11    God:    Hepliaklqana [*****.]
Gold:   605        SH: 19    Dex: 17    Spells: 9/9 levels left

rFire   . . .      SeeInvis .   u - +0 long sword (vorpal)
rCold   . . .      Faith    .   c - +2 kite shield
rNeg    . . .      Spirit   +   z - +0 plate armour
rPois   .          Reflect  .   (helmet restricted)
rElec   .          Harm     .   p - scarf {repulsion}
rCorr   .          Rampage  .   k - +0 pair of gloves
Will    +....                   (no boots)
Stlth   ..........              e - amulet of guardian spirit
HPRegen 0.21/turn               o - +4 ring of evasion
MPRegen 0.30/turn               t - ring of willpower

@: repel missiles
A: reduced essence, antennae 1, large bone plates 3, demonic guardian 1, magic
regeneration
a: Renounce Religion, Recall Ancestor, Ancestor Identity, Transference, Idealise


You were on level 10 of the Dungeon.
You worshipped Hepliaklqana.
Hepliaklqana was extremely pleased with you.
You visited 1 branch of the dungeon, and saw 10 of its levels.
You also visited: Sewer and Bailey.

You collected 605 gold pieces.

Inventory:

Hand Weapons
 a - a +0 falchion
 u - a +0 vorpal long sword (weapon)
 F - a +0 battleaxe
Missiles
 s - 4 silver boomerangs (quivered)
Armour
 c - a +2 kite shield (worn)
 k - a +0 pair of gloves (worn)
 p - a scarf of repulsion (worn)
 z - a +0 plate armour (worn)
 H - an orb of energy
 I - the +1 robe of Uleqal {rN++ MP+9 Str+3 Dex-4}
   (You found it in a bailey)

   Str:       It affects your strength (+3).
   Dex:       It affects your dexterity (-4).
   rN:        It greatly protects you from negative energy.
   MP:        It affects your magic capacity (+9).
 J - +0 ice dragon scales
 L - a +0 robe of willpower
Jewellery
 e - an amulet of guardian spirit (around neck)
 h - a ring of magical power
 o - a +4 ring of evasion (left hand)
 t - a ring of willpower (right hand)
 y - a ring of willpower
 C - a +6 ring of dexterity
 E - a ring of ice
Wands
 m - a wand of iceblast (2)
 q - a wand of flame (11)
Scrolls
 d - a scroll of amnesia
 i - 2 scrolls of teleportation
 l - 4 scrolls of fear
 v - a scroll of silence {unknown}
 w - 2 scrolls of brand weapon
 A - a scroll of noise {unknown}
 B - 2 scrolls of immolation {unknown}
 D - a scroll of enchant weapon {unknown}
 K - a scroll of blinking {unknown}
 M - 4 scrolls of identify
Potions
 b - 10 potions of curing
 f - a potion of magic
 g - 3 potions of lignification
 j - 2 potions of invisibility
 n - 4 potions of attraction
 r - 3 potions of flight
 x - a potion of degeneration


   Skills:
 - Level 6.8 Fighting
 + Level 4.7 Long Blades
 - Level 11.3 Armour
 - Level 2.6 Dodging
 - Level 1.7 Stealth
 + Level 3.6 Shields
 - Level 10.0 Invocations


You had 9 spell levels left.
You didn't know any spells.
Your spell library contained the following spells:

 Spells                   Type           Power      Damage    Failure   Level
 Animate Skeleton         Necr           0%         N/A       100%        1
 Apportation              Tloc           0%         N/A       100%        1
 Foxfire                  Conj/Fire      0%         2x1d4     100%        1
 Freeze                   Ice            0%         1d3       100%        1
 Magic Dart               Conj           0%         1d3       100%        1
 Slow                     Hex            0%         N/A       100%        1
 Summon Small Mammal      Summ           0%         N/A       100%        1
 Call Imp                 Summ           0%         N/A       100%        2
 Ensorcelled Hibernation  Hex/Ice        0%         N/A       100%        2
 Passwall                 Tmut/Erth      0%         N/A       100%        2
 Confusing Touch          Hex            0%         N/A       100%        3
 Conjure Flame            Conj/Fire      0%         6-21      100%        3
 Frozen Ramparts          Ice            0%         1d2       100%        3
 Inner Flame              Hex/Fire       0%         N/A       100%        3
 Mephitic Cloud           Conj/Pois/Air  0%         N/A       100%        3
 Swiftness                Air            0%         N/A       100%        3
 Tukima's Dance           Hex            0%         N/A       100%        3
 Vampiric Draining        Necr           0%         2d6       100%        3
 Anguish                  Hex/Necr       0%         N/A       100%        4
 Flame Wave               Conj/Fire      0%         2d4       100%        4
 Hailstorm                Conj/Ice       0%         3d3       100%        4
 Enfeeble                 Hex            0%         N/A       100%        7


Dungeon Overview and Level Annotations

Branches:
Dungeon (10/15)            Temple (0/1) D:4           Sewer (visited)
 Bailey (visited)
   Lair: D:8-11         Orc: D:9-12

Altars:
Hepliaklqana
Trog
Xom

Shops:
D:1 !   D:2 (

Annotations:
D:5 1 runed translucent door, thiscave3701365's ghost, novice MiBe


Innate Abilities, Weirdness & Mutations

Your life essence is reduced to manifest your ancestor. (-10% HP)
You have a pair of small antennae on your head.
You are completely covered in large bone plates. (SH +8)
A weak demonic guardian rushes to your aid.
You regenerate magic rapidly.


Message History

A demonic guardian appears!
You block the centaur warrior simulacrum's attack.
You block the centaur's attack.
The centaur kicks you but does no damage.
You are too injured to fight recklessly!
You are too injured to fight recklessly!
You are too injured to fight recklessly!
Unknown command.
You are too injured to fight recklessly!
Unknown command.
The centaur warrior simulacrum attacks as you move away!
You block the centaur warrior simulacrum's attack.
The centaur warrior simulacrum kicks you but does no damage.
You block the centaur's attack. The centaur closely misses you.
The centaur warrior simulacrum hits you.
* * * LOW HITPOINT WARNING * * *
The centaur warrior simulacrum freezes you!
* * * LOW HITPOINT WARNING * * *
The centaur warrior simulacrum kicks you but does no damage.
Your orange demon stings the centaur but does no damage.
Your orange demon hits the centaur but does no damage.
The centaur wields a +0 shortbow.
The centaur shoots an arrow.
The arrow closely misses you.
Your orange demon stings the centaur.
Your orange demon hits the centaur.
Okay, then.
As you read the scroll of fear, it crumbles to dust.
You assume a fearsome visage.
The centaur warrior simulacrum is unaffected.
The centaur looks frightened! x2; Your orange demon stings the centaur.
The centaur dies!
Unknown command.
The centaur warrior simulacrum attacks as you move away!
You block the centaur warrior simulacrum's attack. x2
There is a stone staircase leading up here.
You block the centaur warrior simulacrum's attack.
The centaur warrior simulacrum kicks you.
* * * LOW HITPOINT WARNING * * *
A demonic guardian appears!
The centaur warrior simulacrum freezes you!
You die...

... #..#
#########..########
..................#
..................#
..................+
..................#
........@.........#
........Z.........#
##...##.##5##<.####
#...##4##.##..##
#.......†.......#
#.......†c........
#......)..........#
##..................
##########.......#..


You could see a centaur warrior simulacrum (ally target), a friendly orange
demon (summoned) and a friendly shadow imp (summoned).

Vanquished Creatures
  An orc knight (Bailey)
  A deep elf pyromancer (Bailey)
  4 yaks (D:9)
  A wyvern (D:9)
  A water moccasin (D:8)
  3 orc warriors
  3 ogres
  3 bullfrogs
  A kobold brigand (D:6)
  A gnoll sergeant (D:9)
  A necrophage (D:7)
  3 scorpions
  7 wights (D:9)
  6 killer bees
  2 howler monkeys (D:9)
  A hound (D:5)
  2 jellies (D:6)
  2 orc priests
  An iguana (D:4)
  An orc wizard (D:6)
  Natasha (D:3)
  7 gnolls
  3 adders
  A white imp (D:6)
  An ufetubus (D:5)
  A worm (D:2)
  6 orcs
  5 giant cockroaches
  6 goblins
  4 hobgoblins
  A jackal (Sewer)
  13 kobolds
  2 quokkas
  4 ball pythons
  6 bats
  7 frilled lizards
  5 rats
118 creatures vanquished.

Vanquished Creatures (collateral kills)
  2 two-headed ogres
  Sigmund (D:5)
  A wraith (D:9)
  A yak (D:9)
  Eustachio (D:5)
  5 orc warriors
  An ice beast (D:6)
  A black bear (D:7)
  2 centaurs
  2 kobold brigands (Sewer)
  A bullfrog (D:7)
  A necrophage (D:7)
  2 scorpions
  A wight (D:9)
  2 killer bees (D:10)
  2 howler monkeys (D:9)
  2 jellies
  A hound (D:4)
  2 orc priests
  2 iguanas
  5 orc wizards
  Natasha (twice) (D:3)
  3 gnolls
  An adder (D:2)
  A river rat (D:5)
  2 shadow imps
  A white imp (D:6)
  An ufetubus (D:5)
  A dart slug (D:3)
  15 orcs
  4 endoplasms
  4 giant cockroaches
  2 goblins
  2 hobgoblins (D:4)
  A quokka (D:4)
  A ball python (D:1)
  3 frilled lizards (D:4)
  4 kobolds
  3 rats
89 creatures vanquished.

Vanquished Creatures (others)
  A killer bee (D:10)
  2 hexers
  An ufetubus (D:10)
  8 plants
12 creatures vanquished.

Grand Total: 219 creatures vanquished

Notes
Turn   | Place    | Note
-------+----------+-------------------------------------------
     0 | D:1      | runemasterragnar the Demonspawn Monk began the quest for
                  | the Orb.
     0 | D:1      | Reached XP level 1. HP: 18/18 MP: 1/1
    61 | D:1      | Found Potasuon's Distillery.
   415 | D:1      | Gained mutation: A weak demonic guardian rushes to your
                  | aid. [demonic ancestry]
   415 | D:1      | Reached XP level 2. HP: 16/25 MP: 2/2
   640 | D:1      | Found a faded altar of an unknown god.
   774 | D:1      | Prayed at the altar of an unknown god.
   774 | D:1      | Became a worshipper of Hepliaklqana the Forgotten
   774 | D:1      | Reached * piety under Hepliaklqana
   774 | D:1      | Reached ** piety under Hepliaklqana
   818 | D:1      | Remembered your ancestor Inhapi as a hexer
  1150 | D:2      | Reached skill level 1 in Invocations
  1150 | D:2      | Reached XP level 3. HP: 12/27 MP: 3/3
  1168 | D:2      | Found a shimmering altar of Xom.
  1355 | D:2      | Reached *** piety under Hepliaklqana
  1403 | D:2      | Found Dyalo's Antique Weapon Emporium.
  1974 | D:2      | Gained mutation: You are partially covered in large bone
                  | plates. (SH +4) [demonic ancestry]
  1974 | D:2      | Reached XP level 4. HP: 26/34 MP: 5/5
  2904 | D:3      | Noticed Natasha
  2910 | D:3      | Killed Natasha
  2943 | D:3      | Noticed Natasha
  2954 | D:3      | Killed Natasha
  2955 | D:3      | Reached skill level 5 in Fighting
  3011 | D:3      | Noticed Natasha
  3016 | D:3      | Killed Natasha
  3017 | D:3      | Gained mutation: You are mostly covered in large bone
                  | plates. (SH +6) [demonic ancestry]
  3017 | D:3      | Reached XP level 5. HP: 39/39 MP: 7/7
  3183 | D:4      | You fall into a shaft and drop 1 floor!
  3183 | D:5      | Entered Level 5 of the Dungeon
  3198 | D:5      | Reached **** piety under Hepliaklqana
  3245 | D:5      | Noticed Sigmund
  3256 | D:5      | Reached skill level 1 in Armour
  3261 | D:5      | Killed Sigmund
  3262 | D:5      | Reached skill level 2 in Armour
  3262 | D:5      | Gained mutation: You have a pair of small antennae on your
                  | head. [demonic ancestry]
  3262 | D:5      | Reached XP level 6. HP: 39/46 MP: 6/8
  3376 | D:5      | Found a bloodstained altar of Trog.
  3498 | D:5      | Reached skill level 3 in Armour
  3501 | D:5      | Reached XP level 7. HP: 32/53 MP: 9/9
  3539 | D:5      | Found a glowing drain.
  3543 | Sewer    | Entered a sewer
  3918 | D:5      | Reached skill level 4 in Armour
  3992 | D:5      | Found a runed translucent door.
  3993 | D:5      | Noticed thiscave3701365's ghost (novice MiBe)
  4317 | D:5      | Noticed Eustachio
  4323 | D:5      | Killed Eustachio
  4619 | D:5      | Reached skill level 5 in Invocations
  5025 | D:4      | Gained mutation: You regenerate magic rapidly. [demonic
                  | ancestry]
  5025 | D:4      | Reached XP level 8. HP: 56/58 MP: 12/12
  5212 | D:4      | Reached ***** piety under Hepliaklqana
  5288 | D:4      | Found a staircase to the Ecumenical Temple.
  5329 | D:4      | Reached skill level 5 in Armour
  5521 | D:6      | Noticed a two-headed ogre
  5527 | D:6      | Killed a two-headed ogre
  5528 | D:6      | Reached skill level 6 in Armour
  5530 | D:6      | Gained mutation: You are completely covered in large bone
                  | plates. (SH +8) [demonic ancestry]
  5530 | D:6      | Reached XP level 9. HP: 47/63 MP: 10/15
  5646 | D:6      | Reached skill level 7 in Armour
  6635 | D:7      | Reached skill level 10 in Invocations
  6976 | D:7      | Reached skill level 8 in Armour
  7811 | D:8      | Reached skill level 9 in Armour
  8412 | D:9      | Found a flagged portal.
  8456 | Bailey   | Entered a bailey
  8587 | Bailey   | Noticed an orc knight
  8606 | Bailey   | Killed an orc knight
  8607 | Bailey   | Reached skill level 10 in Armour
  8607 | Bailey   | Reached XP level 10. HP: 31/69 MP: 12/17
  8875 | Bailey   | Found a large runed translucent door.
  8875 | Bailey   | Found a large runed translucent door.
  8876 | Bailey   | Noticed a deep elf pyromancer
  8911 | Bailey   | Killed a deep elf pyromancer
  8921 | Bailey   | Identified the +1 robe of Uleqal {rN++ MP+9 Str+3 Dex-4}
  9081 | D:9      | Noticed a two-headed ogre
  9083 | D:9      | Reached skill level 11 in Armour
  9537 | D:9      | Reached skill level 1 in Shields
  9856 | D:9      | Killed a two-headed ogre
 10254 | D:10     | Entered Level 10 of the Dungeon
 10276 | D:10     | Slain by a centaur warrior simulacrum

Illustrated notes

Levels and vault maps discovered:
D:1:      ncdulo_smallfort, layout_basic, dilly_ecumenical_altar_fadedgnrine,
          serial_shops, nicolae_shop_crystal, kennysheep_another_room,
          minmay_hedge_maze
D:2:      layout_loops_ring, serial_shops, nicolae_shop_hallway_plus,
          basic_altar, kennysheep_cross_bottleneck
D:3:      layout_basic, minmay_fractal_squares_5, uniq_natasha
D:4:      layout_gridville, temple_statues, minmay_lizard_king
D:5:      layout_layer_cave, trog_book, gup_sewer_entry_bowl,
          ebering_ghost_reflecting_pool, uniq_eustachio, uniq_sigmund
D:6:      layout_cave_pods, serial_bayou_crossing
D:7:      layout_gridville
D:8:      layout_cave_pods
D:9:      layout_basic, serial_corexii_hall, chequers_hall_statues_corner_a,
          corexii_hall_statues_i, enter_bailey_2
D:10:     layout_gridville, grunt_lair_entry_orc_guard_hut, serial_ice,
          serial_ice_d, serial_ice_n, serial_ice_m, serial_ice_a, uniq_harold,
          uniq_joseph, uniq_snorg

Skill      XL: |  1  2  3  4  5  6  7  8  9 10 |
---------------+-------------------------------+-----
Fighting       | 4 5 6 |  6.8
Invocations    | 1 2 3 5 8 10 | 10.0
Armour         | 2 3 4 6 10 11 | 11.3
Long Blades    | 4 |  4.7
Shields        | 3 |  3.6
Dodging        | |  2.6
Stealth        | |  1.7

Action                   |  1- 3 |  4- 6 |  7- 9 | 10-12 || total
-------------------------+-------+-------+-------+-------++-------
Melee: Falchion          |    98 |    64 |       |       ||   162
       Punch             |     2 |       |     2 |     2 ||     6
       Long sword        |       |     7 |   226 |   121 ||   354
Invok: Ancestor Life: He |     1 |       |       |       ||     1
       Recall Ancestor   |     1 |     1 |       |       ||     2
       Idealise          |       |       |     1 |     1 ||     2
       Transference      |       |       |       |     2 ||     2
Evoke: Wand              |       |       |    11 |     4 ||    15
  Use: Scroll            |     3 |     6 |     2 |     4 ||    15
       Potion            |       |       |     1 |     2 ||     3
 Stab: Sleeping          |     2 |     1 |       |       ||     3
       Confused          |       |     6 |     6 |     4 ||    16
       Distracted        |       |       |     2 |     2 ||     4
       Fleeing           |       |       |       |     1 ||     1
Armor: Robe              |    14 |       |       |       ||    14
       Ring mail         |    13 |       |       |       ||    13
       Scale mail        |       |    10 |    27 |       ||    37
       Plate armour      |       |       |    41 |    53 ||    94
Dodge: Dodged            |    63 |    40 |   111 |    48 ||   262
       Repelled          |       |     1 |     1 |     1 ||     3
Block: Other             |       |    14 |    80 |    22 ||   116
       Kite shield       |       |       |       |    79 ||    79

Table legend: (Time is in decaauts)
 A = Elapsed time spent in this place.
 B = Non-inter-level travel time spent in this place.
 C = Inter-level travel time spent in this place.
 D = Time resting spent in this place.
 E = Time spent auto-exploring this place.
 F = Levels seen in this place.
 G = Mean time per level.
                   A        B        C        D        E       F      G
               +--------+--------+--------+--------+--------+-----+--------+
         Total |  10453 |  10099 |    354 |    438 |   7771 |  12 |  871.1 |
       Dungeon |   9632 |   9278 |    354 |    434 |   7207 |  10 |  963.2 |
         Sewer |    294 |    294 |      0 |      0 |    207 |   1 |  294.0 |
        Bailey |    527 |    527 |      0 |      4 |    356 |   1 |  527.0 |
               +--------+--------+--------+--------+--------+-----+--------+

Top non-repeatable levels by time:
     D:5: 1416 daAuts
     D:6: 1250 daAuts
     D:9: 1178 daAuts
     D:8: 1088 daAuts
     D:1: 1075 daAuts
     D:2: 1073 daAuts
     D:3: 949 daAuts
     D:7: 930 daAuts
     D:4: 644 daAuts
  Bailey: 527 daAuts
   Sewer: 294 daAuts
    D:10: 24 daAuts
